 Dungeon Crawl Stone Soup version 0.31-a0-38-g1548c4f2a5 (webtiles) character file.

Game seed: 7260522055361687992

5905 lunkers the Zephyrmancer (level 11, -1/91 (92) HPs)
             Began as a Meteoran Air Elementalist on May 9, 2023.
             Was an Elder of Ashenzari.
             Shot with a bolt by an orc knight (23 damage)
             ... on level 2 of the Orcish Mines on May 16, 2023.
             The game lasted 00:25:04 (5271 turns).

lunkers the Zephyrmancer (MeAE)                     Turns: 5271, Time: 00:25:04

HP:   -1/91 (92)    AC:  6    Str: 10    XL:     11   Next: 29%
MP:   28/28         EV: 16    Int: 21    God:    Ashenzari [****..]
Gold: 783           SH:  0    Dex: 15    Spells: 25/35 levels left

rFire   . . .        j - +0 hand axe "Perceptive Urgency" {Cun, Fort} (curse)
rCold   . . .        (no shield)
rNeg    + . .        c - +2 robe of the Chained Seer {rN+, Evo, Elem} (curse)
rPois   .            C - +0 helmet "Shackled Together" {Comp, Self} (curse)
rElec   .            l - +0 cloak of Ashenzari's Vexation {Comp, Bglg} (curse)
rCorr   +            (no gloves)
SInv    +            (no boots)
Will    +....        n - amulet of Ouranomancy {Acrobat, Evo, Elem} (curse)
Stlth   +            g - ring "Bound With Me" {rCorr, Comp, Self} (curse)
HPRegen 0.35/turn    (no ring)
MPRegen 0.21/turn

%: acrobat, clarity
@: about to teleport, glowing, lightly drained
A: sense surroundings 2, otherworldly, glowing, explore regen
a: Renounce Religion, Curse Item, Shatter the Chains


You were on level 2 of the Orcish Mines.
You worshipped Ashenzari.
Ashenzari was greatly pleased with you.
You visited 2 branches of the dungeon, and saw 11 of its levels.
You also visited: Sewer.

You collected 833 gold pieces.
You spent 50 gold pieces at shops.

Inventory:

Hand Weapons
 a - a -1 eveningstar
 j - the cursed +0 hand axe "Perceptive Urgency" (weapon) {Cun, Fort}
   (You found it on level 8 of the Dungeon)

   It has a curse which improves the following skills: Cunning: Dodging and
   Stealth.
   Fortitude: Armour and Shields.
 u - a +1 heavy falchion
 A - a +5 morningstar
 B - a +6 battleaxe
Missiles
 o - a throwing net
Armour
 c - the cursed +2 robe of the Chained Seer (worn) {rN+, Evo, Elem}
   (You took it off Jessica on level 3 of the Dungeon)

   It has a curse which improves the following skills: Evocations: Evocations.
   Elements:  Fire Magic, Ice Magic, Air Magic and Earth Magic.
 l - the cursed +0 cloak of Ashenzari's Vexation (worn) {Comp, Bglg}
   (You found it on level 2 of the Dungeon)

   It has a curse which improves the following skills: Companions: Summonings
   and Necromancy.
   Beguiling: Conjurations, Hexes and Translocations.
 C - the cursed +0 helmet "Shackled Together" (worn) {Comp, Self}
   (You found it on level 9 of the Dungeon)

   It has a curse which improves the following skills: Companions: Summonings
   and Necromancy.
   Introspection: Fighting and Spellcasting.
 D - +0 steam dragon scales
Jewellery
 g - the cursed ring "Bound With Me" (left hand) {rCorr, Comp, Self}
   (You found it on level 1 of the Dungeon)

   [ring of resist corrosion]

   rCorr:     It protects you from acid and corrosion.
   It has a curse which improves the following skills: Companions: Summonings
   and Necromancy.
   Introspection: Fighting and Spellcasting.
 n - the cursed amulet of Ouranomancy (around neck) {Acrobat, Evo, Elem}
   (You found it on level 2 of the Dungeon)

   [amulet of the acrobat]

   It increases your evasion while moving and waiting.
   It has a curse which improves the following skills: Evocations: Evocations.
   Elements:  Fire Magic, Ice Magic, Air Magic and Earth Magic.
Scrolls
 d - 2 scrolls of fear
 e - a scroll of amnesia
 q - a scroll of silence
 s - a scroll of vulnerability
 w - 2 scrolls of magic mapping
 x - a scroll of blinking
 y - a scroll of butterflies
 z - a scroll of fog
Potions
 b - 3 potions of magic
 h - a potion of might
 i - 2 potions of flight
 k - 2 potions of curing
 m - 3 potions of lignification
 p - 2 potions of brilliance
 r - 4 potions of heal wounds
 v - a potion of cancellation


   Skills:
 + Level 5.0(7.6) Fighting
 + Level 5.8 Maces & Flails
 + Level 6.1(8.0) Dodging
 - Level 1.4(2.6) Stealth
 + Level 9.8(12.5) Spellcasting
 - Level 1.2(2.3) Conjurations
 * Level 13.7(16.3) Air Magic


You had 25 spell levels left.
You knew the following spells:

 Your Spells              Type           Power      Damage    Failure   Level
a - Shock                 Conj/Air       100%       1d9       1%          1
b - Static Discharge      Conj/Air       100%       2-7/arc   1%          2
c - Swiftness             Air            69%        N/A       1%          3
d - Airstrike             Air            34%        2d(5-21)  1%          4

Your spell library contained the following spells:

 Spells                   Type           Power      Damage    Failure   Level
 Kiss of Death            Conj/Necr      76%        2d11      2%          1
 Slow                     Hex            56%        N/A       4%          1
 Silence                  Hex/Air        23%        N/A       4%          5
 Lesser Beckoning         Tloc           28%        N/A       7%          2
 Vampiric Draining        Necr           15%        2d7       12%         3
 Confusing Touch          Hex            14%        N/A       14%         3
 Gell's Gravitas          Tloc           14%        N/A       14%         3
 Teleport Other           Tloc           14%        N/A       14%         3
 Dispel Undead            Necr           15%        3d10      38%         4
 Passage of Golubria      Tloc           14%        N/A       41%         4
 Dispersal                Tloc           7%         N/A       100%        6
 Lehudib's Crystal Spear  Conj/Erth      9%         10d4      100%        8


Dungeon Overview and Level Annotations

Branches:
Dungeon (9/15) Zot: 679    Temple (0/1) D:5             Orc (2/2) D:9 Zot: 1039
  Sewer (visited)
   Lair: D:8-11         Elf: Orc:2

Altars:
Ashenzari
Fedhas
Gozag
Nemelex Xobeh
Okawaru
Trog
Uskayaw
Vehumet
Wu Jian

Shops:
D:2 [   D:4 *   D:5 [*:?!?   D:8 *

Annotations:
D:7 4 runed translucent doors
Orc:2 Azrael


Innate Abilities, Weirdness & Mutations

You passively map the area around you.
You are easily found by Zot.
You glow in the dark.
You regain HP and MP as you explore.


Message History

The orc knight completely misses you.
The orc knight roars a battlecry!
The orc knight goes into a battle-frenzy!
The saltling completely misses you. The saltling attacks as you move away!
The saltling completely misses you.
The orc shouts!
You hear a howl!
You hear a shout! x2
The saltling attacks as you move away! The saltling closely misses you.
The warg howls!
An orc comes into view. It is wielding a +0 club.
The saltling hits you! The warg closely misses you.
The saltling attacks as you move away! The saltling completely misses you.
The warg bites you.
A troll comes into view.
The warg attacks as you move away! The warg completely misses you.
An orc knight comes into view. It is wielding a +3 war axe.
The orc knight shouts!
The troll bites you! The troll claws you!
* * * LOW HITPOINT WARNING * * *
The troll completely misses you.
The orc priest calls down the wrath of Beogh upon you.
Beogh smites you!
* * * LOW HITPOINT WARNING * * *
The orc knight roars a battlecry!
The orc goes into a battle-frenzy!
As you read the scroll of teleportation, it crumbles to dust.
You feel strangely unstable. The saltling closely misses you.
The warg bites you!
* * * LOW HITPOINT WARNING * * *
The saltling misses you. The troll bites you.
* * * LOW HITPOINT WARNING * * *
The troll barely misses you. The troll completely misses you.
The orc knight roars a battlecry!
The orc goes into a battle-frenzy!
Blink to where?
Press: ? - help, Dir - move target
As you read the scroll of blinking, it crumbles to dust.
The orc knight unwields a +3 war axe.
The orc knight wields a +0 arbalest.
The orc knight shoots a bolt.
The bolt hits you!!
You die...

....#.....#...o# ....#
* #........#..#9.#..o.#
, *
.#......##9.##9T...# ,
..○...8.....o..h..## ,
, * .°.E..8##.o..9#...#
, ,,*
.......#.....#...... ,
, , , *
8#...#.........#.####**
** .................# *
,* , .#....#.........@#
,, , ........#..##.#.##
,, , ........ * * ##* *
########*


You could see an orc knight, a troll, a warg, an orc warrior, 3 saltlings and an
orc priest.

Vanquished Creatures
  A two-headed ogre (D:8)
  A saltling (Orc:2)
  A shadow (D:9)
  9 yaks (D:9)
  A steam dragon (D:9)
  A hell hound (Orc:2)
  2 water moccasins
  An orc warrior (D:9)
  3 ice beasts
  2 sky beasts (D:7)
  3 ogres
  2 centaurs
  Blork the orc (D:4)
  3 bullfrogs
  3 gnoll sergeants
  A scorpion (D:4)
  2 kobold brigands
  7 wights (D:8)
  3 killer bees (D:7)
  A quasit (D:7)
  5 orc priests
  2 sleepcaps (D:6)
  2 hounds
  2 jellies
  Jessica (D:3)
  6 iguanas
  9 orc wizards
  8 river rats
  10 adders
  11 gnolls
  A shadow imp (D:7)
  5 white imps
  3 ufetubi
  A worm (D:2)
  4 dart slugs
  53 orcs
  11 endoplasms
  4 giant cockroaches
  14 goblins
  6 hobgoblins
  12 jackals
  17 kobolds
  4 quokkas
  10 ball pythons
  A bat (D:2)
  9 frilled lizards
  23 rats
282 creatures vanquished.

Vanquished Creatures (others)
  A saltling (Orc:2)
1 creature vanquished.

Grand Total: 283 creatures vanquished

Notes
Turn   | Place    | Note
-------+----------+-------------------------------------------
     0 | D:1      | lunkers the Meteoran Air Elementalist began the quest for
                  | the Orb.
     0 | D:1      | Reached XP level 1. HP: 14/14 MP: 5/5
    72 | D:1      | Reached skill level 4 in Air Magic
    72 | D:1      | Reached XP level 2. HP: 16/20 MP: 1/6
    92 | D:1      | Learned a level 2 spell: Static Discharge
   273 | D:1      | Reached XP level 3. HP: 26/26 MP: 6/8
   349 | D:1      | Learned a level 3 spell: Swiftness
   440 | D:2      | Reached skill level 5 in Air Magic
   440 | D:2      | Reached XP level 4. HP: 20/33 MP: 2/10
   483 | D:2      | Found Ummucuts's Antique Armour Shoppe.
   872 | D:2      | Reached XP level 5. HP: 38/38 MP: 6/11
  1047 | D:3      | Found a faded altar of an unknown god.
  1119 | D:3      | Found a broken altar of Ashenzari.
  1161 | D:3      | Became a worshipper of Ashenzari the Shackled
  1226 | D:3      | Noticed Jessica
  1230 | D:3      | Killed Jessica
  1464 | D:3      | Reached skill level 6 in Air Magic
  1509 | D:3      | Learned a level 4 spell: Airstrike
  1666 | D:4      | Reached XP level 6. HP: 45/45 MP: 13/13
  1693 | D:4      | Found Ydwu's Assorted Antiques.
  1707 | D:4      | Noticed Blork the orc
  1709 | D:4      | Killed Blork the orc
  1710 | D:4      | Reached skill level 5 in Spellcasting
  1710 | D:4      | Reached skill level 7 in Air Magic
  1710 | D:4      | Reached XP level 7. HP: 50/50 MP: 6/15
  2042 | D:4      | Found a blossoming altar of Fedhas.
  2065 | D:4      | Found an iron altar of Okawaru.
  2104 | D:5      | Entered Level 5 of the Dungeon
  2104 | D:5      | Found Vech's Distillery.
  2107 | D:5      | Found Zimiuhas's Magic Scroll Shoppe.
  2173 | D:5      | Reached skill level 8 in Air Magic
  2212 | D:5      | Reached * piety under Ashenzari
  2217 | D:5      | Found a bloodstained altar of Trog.
  2257 | D:5      | Found a staircase to the Ecumenical Temple.
  2294 | D:5      | Reached XP level 8. HP: 41/57 MP: 14/19
  2345 | D:5      | Found Evikiy's Book Emporium.
  2370 | D:5      | Found Conufot's Lightly-Used Armoury.
  2370 | D:5      | Found Yxtonai's Antique Armour Shoppe.
  2389 | D:5      | Bought a -2 eveningstar for 50 gold pieces
  2402 | D:5      | Reached skill level 9 in Air Magic
  2485 | D:5      | Found Rocy's Magic Scroll Boutique.
  2519 | D:5      | Reached ** piety under Ashenzari
  2575 | D:6      | Reached skill level 10 in Air Magic
  2580 | D:6      | Found a glowing drain.
  2584 | Sewer    | Entered a sewer
  2965 | Sewer    | Glimpsed the power of Zot.
  3020 | D:6      | Gained mutation: You passively map the area around you.
                  | [Meteoran growth]
  3020 | D:6      | Reached XP level 9. HP: 59/62 MP: 17/22
  3063 | D:6      | Found a sparkling altar of Nemelex Xobeh.
  3199 | D:6      | Reached skill level 11 in Air Magic
  3340 | D:6      | Found a radiant altar of Vehumet.
  3477 | D:7      | Reached skill level 1 in Fighting
  3498 | D:7      | Reached skill level 1 in Maces & Flails
  3583 | D:7      | Found a huge runed translucent gate.
  3583 | D:7      | Found a huge runed translucent gate.
  3583 | D:7      | Found a huge runed translucent gate.
  3583 | D:7      | Found a huge runed translucent gate.
  3583 | D:7      | Noticed a polar bear
  3583 | D:7      | Noticed a polar bear
  3583 | D:7      | Noticed a polar bear
  3583 | D:7      | Noticed a polar bear
  3584 | D:7      | Noticed a polar bear
  3584 | D:7      | Noticed a polar bear
  3720 | D:7      | Reached XP level 10. HP: 51/77 MP: 2/24
  3811 | D:7      | Reached skill level 12 in Air Magic
  3971 | D:8      | Reached *** piety under Ashenzari
  3983 | D:8      | Found an opulent altar of Gozag.
  3987 | D:8      | Found Gozag's Platinum Reserve.
  4118 | D:8      | Noticed a two-headed ogre
  4136 | D:8      | Killed a two-headed ogre
  4332 | D:8      | Found an ornate altar of the Wu Jian Council.
  4616 | D:8      | Reached skill level 5 in Dodging
  4715 | D:9      | Reached **** piety under Ashenzari
  4765 | D:9      | Found a hide-covered altar of Uskayaw.
  4817 | D:9      | Reached skill level 13 in Air Magic
  4972 | D:9      | Reached skill level 5 in Maces & Flails
  4980 | D:9      | Reached XP level 11. HP: 40/91 MP: 1/28
  5086 | D:9      | Found a staircase to the Orcish Mines.
  5111 | Orc:1    | Entered Level 1 of the Orcish Mines
  5141 | Orc:2    | Entered Level 2 of the Orcish Mines
  5164 | Orc:2    | Noticed Azrael
  5243 | Orc:2    | Upgraded the game from 0.31-a0-18-gea43df2a32 to
                  | 0.31-a0-38-g1548c4f2a5
  5251 | Orc:2    | Reached skill level 5 in Fighting
  5255 | Orc:2    | Noticed an orc knight
  5255 | Orc:2    | Noticed an orc knight
  5269 | Orc:2    | Noticed an orc knight
  5271 | Orc:2    | Shot with a bolt by an orc knight

Illustrated notes

Levels and vault maps discovered:
D:1:      dpeg_arrival_tiny_e, layout_loops_cross
D:2:      layout_basic, serial_shops, nicolae_shop_tiny_real_fake_doors
D:3:      layout_basic, ashenzari_conservatory_becter,
          shapermc_ecumenical_altar_mp_vishouse, uniq_jessica
D:4:      kennysheep_big_flooded_room, layout_basic, overflow_temple_1_default,
          okawaru_altar_gauntlet_db, nicolae_inconvenience_store, st_stairs_4,
          minmay_rat_hole, uniq_blork_the_orc
D:5:      layout_cave_pools, trog_hazing_becter, minmay_temple_entry_offerings,
          serial_shops, kennysheep_mini_moat, nicolae_lakefront_shop, shop,
          nicolae_shop_hallway_stairs, nicolae_square_shop,
          hangedman_decor_peaks_small, minmay_shop_damaged
D:6:      layout_basic, nemelex_xobeh_ov_fountains_minmay, vehumet_crystals,
          ebering_ghost_sewer_d, gup_sewer_entry_bowl
D:7:      lemuel_bear_cage, layout_gridville, serial_demonic, serial_demonic_g,
          serial_demonic_f, serial_demonic_e, serial_demonic_e,
          serial_demonic_e, serial_demonic_f
D:8:      layout_basic, nicolae_gozag_zags_fifth_avenue, lemuel_tele_altar
D:9:      layout_roguey, nicolae_uskayaw_dance_studio, hiddenorc1_lemuel,
          kennysheep_nondescript
Orc:1:    layout_caves, nicolae_volcano_entry_hallway,
          minmay_shop_enchanted_jewellery, minmay_orc_temple_b
Orc:2:    hellmonk_orc_salted, layout_diamond_mine, basic_altar, mines2_david,
          uniq_azrael

Skill      XL: |  1  2  3  4  5  6  7  8  9 10 11 |
---------------+----------------------------------+-----
Air Magic      | 4 5 6 7 8 10 11 13 | 13.7
Spellcasting   | 3 4 5 7 8 9 |  9.8
Fighting       | 2 4 5 |  5.0
Maces & Flails | 2 5 |  5.8
Dodging        | 3 5 6 |  6.1
Stealth        | |  1.4
Conjurations   | |  1.2

Action                     |  1- 3 |  4- 6 |  7- 9 | 10-12 || total
---------------------------+-------+-------+-------+-------++-------
  Melee: Dagger            |    26 |    23 |    59 |       ||   108
         Punch             |     1 |       |     5 |       ||     6
         Eveningstar       |       |       |    67 |       ||    67
         Hand axe          |       |       |       |    17 ||    17
   Cast: Shock             |    41 |    47 |    20 |       ||   108
         Static Discharge  |     3 |    23 |    96 |    79 ||   201
         Airstrike         |       |     2 |    46 |    23 ||    71
 Invoke: Curse Item        |       |     1 |     3 |     2 ||     6
  Evoke: Wand              |       |       |       |     5 ||     5
    Use: Scroll            |       |     2 |     1 |     3 ||     6
 Armour: Robe              |     7 |    13 |   103 |    25 ||   148
  Dodge: Dodged            |    22 |    33 |   203 |   121 ||   379

Table legend: (Time is in decaauts)
 A = Elapsed time spent in this place.
 B = Non-inter-level travel time spent in this place.
 C = Inter-level travel time spent in this place.
 D = Time resting spent in this place.
 E = Time spent auto-exploring this place.
 F = Levels seen in this place.
 G = Mean time per level.
                   A        B        C        D        E       F      G
               +--------+--------+--------+--------+--------+-----+--------+
         Total |   5424 |   5149 |    275 |      0 |   3150 |  12 |  452.0 |
       Dungeon |   4720 |   4445 |    275 |      0 |   2830 |   9 |  524.4 |
  Orcish Mines |    159 |    159 |      0 |      0 |      0 |   2 |   79.5 |
         Sewer |    544 |    544 |      0 |      0 |    320 |   1 |  544.0 |
               +--------+--------+--------+--------+--------+-----+--------+

Top non-repeatable levels by time:
     D:8: 808 daAuts
     D:3: 629 daAuts
     D:2: 587 daAuts
   Sewer: 544 daAuts
     D:6: 509 daAuts
     D:4: 499 daAuts
     D:5: 444 daAuts
     D:9: 443 daAuts
     D:7: 411 daAuts
     D:1: 386 daAuts
   Orc:2: 129 daAuts
   Orc:1: 29 daAuts
